 Dungeon Crawl Stone Soup version 0.32-a0-571-gec57dfcd37 (webtiles) character file.

Game seed: 9366044348119245946

139722 javelincjr the Protected (level 15, -11/122 HPs)
             Began as a Demonspawn Warper on Feb 29, 2024.
             Was a High Priest of Jiyva.
             Mangled by a spark wasp (16 damage)
             ... on level 4 of the Spider Nest on Mar 1, 2024.
             The game lasted 01:58:44 (18679 turns).

javelincjr the Protected (Demonspawn Warper)       Turns: 18679, Time: 01:58:45

Health: -11/122    AC: 15    Str: 20    XL:     15   Next: 98%
Magic:  5/29       EV:  7    Int: 24    God:    Jiyva [*****.]
Gold:   894        SH:  0    Dex: 18    Spells: 17/34 levels left

rFire   + + .        K - +8 quick blade of Ytoalec {elec, *Rage rF+ Str+2 Stlth+}
rCold   + + +        (no shield)
rNeg    + . .        a - +6 ring mail of the World {+Inv rC++ rN+ Str+3}
rPois   +            (helmet restricted)
rElec   .            y - +0 cloak
rCorr   +            (no gloves)
SInv    +            (no boots)
Will    +....        S - amulet of the acrobat
Stlth   ++++         Z - ring "Viusmy Kuwn" {Fly rF+ rC+ Slay+4}
HPRegen 1.84/turn    Q - ring of poison resistance
MPRegen 0.93/turn

%: acrobat, clarity, wizardry (x1)
@: mighty, untranslocatable, immotile, flying, very slightly contaminated, held
A: antennae 2, foul stench 1, spiny 1, big brain 3, hooves 1, thin skeletal
structure 1, agile 1, clarity, clever 1, wild magic 1, eyeballs 3, translucent
skin 2, evolution 2, jelly sensing items, jelly absorbing missiles, MP-powered
wands
}: 1/15 runes: slimy
a: Renounce Religion, Evoke Invisibility, Oozemancy, Slimify


You were on level 4 of the Spider Nest.
You worshipped Jiyva.
Jiyva was extremely pleased with you.
You visited 4 branches of the dungeon, and saw 23 of its levels.

You collected 894 gold pieces.

Inventory:

Hand Weapons
 e - a +0 trident
 f - a +0 sling
 C - a +1 triple sword of flaming
 K - the +8 quick blade of Ytoalec (weapon) {elec, *Rage rF+ Str+2 Stlth+}
   (You found it on level 5 of the Pits of Slime)

   Str+2:     It affects your strength (+2).
   rF+:       It protects you from fire.
   *Rage:     It berserks you when you make melee attacks (+20% chance).
   Stlth+:    It makes you more stealthy.
 M - a +2 mace of protection
 R - the +10 short sword of the Fool {speed, rC+ rN+ Will+ rCorr}
   (You found it on level 4 of the Spider Nest)

   rC+:       It protects you from cold.
   rN+:       It protects you from negative energy.
   Will+:     It increases your willpower.
   rCorr:     It protects you from acid and corrosion.
 Y - the +8 whip "Zeciuhoh" {spect, *Rage rN+ Int+3}
   (You found it on level 5 of the Pits of Slime)

   Int+3:     It affects your intelligence (+3).
   rN+:       It protects you from negative energy.
   *Rage:     It berserks you when you make melee attacks (+20% chance).
Missiles
 d - 10 darts of dispersal
 g - 7 javelins
 l - 16 poisoned darts (quivered)
 v - 3 throwing nets
 E - 6 boomerangs
 L - 6 curare-tipped darts
Armour
 a - the +6 ring mail of the World (worn) {+Inv rC++ rN+ Str+3}
   (You found it on level 5 of the Pits of Slime)

   Str+3:     It affects your strength (+3).
   rC++:      It greatly protects you from cold.
   rN+:       It protects you from negative energy.
   +Inv:      It lets you turn invisible.
 o - the +4 shadow dragon scales "Sukofo" {Will++ Stlth++++}
   (You found it on level 2 of the Dungeon)

   Will++:    It greatly increases your willpower.
   Stlth++++: It makes you much more stealthy.
 p - an orb of wrath
 r - a +0 chain mail
 s - a scarf of invisibility
 y - a +0 cloak (worn)
 O - +0 acid dragon scales
Magical Staves
 m - a staff of fire
Jewellery
 u - a ring of willpower
 F - a +6 ring of dexterity
 Q - a ring of poison resistance (right hand)
 S - an amulet of the acrobat (around neck)
 U - a +5 ring of evasion
 Z - the ring "Viusmy Kuwn" (left hand) {Fly rF+ rC+ Slay+4}
   (You found it on level 5 of the Pits of Slime)

   [ring of slaying]

   Slay+4:    It affects your accuracy & damage with ranged weapons and melee
   (+4).
   rF+:       It protects you from fire.
   rC+:       It protects you from cold.
   Fly:       It grants you flight.
Wands
 b - a wand of mindburst (17)
 q - a wand of roots (6)
 w - a wand of quicksilver (9)
 x - a wand of polymorph (11)
 T - a wand of flame (15)
Scrolls
 c - a scroll of enchant armour {unknown}
 t - a scroll of summoning {unknown}
 B - 2 scrolls of vulnerability
 G - 3 scrolls of poison {unknown}
 H - 3 scrolls of noise {unknown}
 I - 5 scrolls of enchant weapon {unknown}
 J - a scroll of torment {unknown}
 N - 3 scrolls of amnesia
 P - 7 scrolls of teleportation
 V - 2 scrolls of immolation {unknown}
Potions
 h - 3 potions of lignification
 j - 6 potions of brilliance
 k - 3 potions of enlightenment
 n - 2 potions of curing
 A - 2 potions of mutation
 D - a potion of magic
 W - 2 potions of might
 X - 2 potions of attraction
Miscellaneous
 i - a box of beasts


   Skills:
 * Level 12.8 Fighting
 * Level 3.7 Short Blades
 - Level 1.7(6.9) Axes
 - Level 6.1(6.3) Maces & Flails
 - Level 8.5(8.6) Polearms
 - Level 1.0 Throwing
 + Level 12.9 Armour
 + Level 6.0 Dodging
 + Level 5.6 Shields
 + Level 10.1 Spellcasting
 * Level 11.4 Translocations
 + Level 6.0 Evocations


You had 17 spell levels left.
You knew the following spells:

 Your Spells              Type           Power      Damage    Failure   Level
a - Blink                 Tloc           100%       N/A       1%          2
b - Lesser Beckoning      Tloc           100%       N/A       1%          2
c - Teleport Other        Tloc           72%        N/A       1%          3
d - Manifold Assault      Tloc           72%        N/A       1%          4
e - Dispersal             Tloc           36%        N/A       6%          6

Your spell library contained the following spells:

 Spells                   Type           Power      Damage    Failure   Level
 Freeze                   Ice            60%        1d7       4%          1
 Summon Small Mammal      Summ           60%        N/A       4%          1
 Vhi's Electric Charge    Tloc/Air       100%       N/A       4%          4
 Cigotuvi's Dreadful Rot  Necr/Alch/Air  30%        N/A       7%          2
 Call Canine Familiar     Summ           15%        N/A       12%         3
 Frozen Ramparts          Ice            30%        1d5       12%         3
 Hailstorm                Conj/Ice       15%        3d6       12%         3
 Stone Arrow              Conj/Erth      30%        3d8       12%         3
 Summon Ice Beast         Ice/Summ       15%        N/A       12%         3
 Animate Armour           Summ/Erth      30%        N/A       34%         4
 Cause Fear               Hex            7%         N/A       34%         4
 Dispel Undead            Necr           15%        3d10      34%         4
 Leda's Liquefaction      Alch/Erth      7%         N/A       34%         4
 Martyr's Knell           Necr/Summ      15%        N/A       34%         4
 Petrify                  Alch/Erth      15%        N/A       34%         4
 Summon Blazeheart Golem  Fire/Summ      15%        N/A       34%         4
 Arcjolt                  Conj/Air       7%         1d17      67%         5
 Metabolic Englaciation   Hex/Ice        7%         N/A       67%         5
 Summon Mana Viper        Hex/Summ       15%        N/A       67%         5
 Disjunction              Tloc           36%        N/A       89%         8
 Death Channel            Necr           7%         N/A       99%         6
 Plasma Beam              Fire/Air       7%         2x1d18    99%         6
 Starburst                Conj/Fire      7%         6d4       99%         6
 Monstrous Menagerie      Summ           7%         N/A       100%        7
 Lehudib's Crystal Spear  Conj/Erth      7%         10d3      100%        8


Dungeon Overview and Level Annotations

Branches:
Dungeon (9/15)             Temple (0/1) D:5            Lair (5/5) D:9
 Shoals (0/4) Lair:2       Spider (4/4) Lair:2        Slime (5/5) Lair:4
    Orc (0/2) D:9

Altars:
Gozag
Hepliaklqana
Makhleb
Qazlal
Ru
Vehumet
Wu Jian
Jiyva

Shops:
D:7 =   D:9 [(*:

Annotations:
Slime:5 Royal Jelly


Innate Abilities, Weirdness & Mutations

You have a pair of antennae on your head.
You may rarely emit foul miasma when damaged in melee.
You are partially covered in sharp spines.
You have an absolutely massive brain. (Int +6, Wiz)
You have large cloven feet.
You have a somewhat thin skeletal structure. (Dex +2, Stealth+)
You are agile. (Dex +4, Str/Int -1)
You possess an exceptional clarity of mind.
Your mind is acute. (Int +4, Str/Dex -1)
Your spells are a little harder to cast, but a little more powerful.
Your body is covered in eyes which may confuse attackers. (Acc +7, SInv)
Your translucent skin reduces your foes' accuracy. (Stealth+)
You have great hidden genetic potential.
You have a small jelly attached to you that senses nearby items.
You have a small jelly attached to you that may absorb projectiles.
You expend magic power (3 MP) to strengthen your wands.


Message History

The demonic crawler barely misses itself.
The sun moth bites you but does no damage.
You feel much better.
The jumping spider is struck by your spines.
The jumping spider barely misses you.
The eyeballs on your body gaze at the jumping spider.
The jumping spider bites you.
* * * LOW HITPOINT WARNING * * *
The jumping spider pounces on itself!
The jumping spider barely misses itself.
The sun moth barely misses you. The spark wasp closely misses you.
The spark wasp barely misses itself.
The jorogumo closely misses you.
Activating: Oozemancy (1% risk of failure)
Press: ? - help, Dir - look around, f - activate A web, spattered with blood.
Okay, then.
It was a potion of might.
You feel very mighty all of a sudden.
The spark wasp seems less confused.
The jumping spider pounces on the sun moth.
The jumping spider bites the sun moth.
The sun moth is struck by your spines. The sun moth barely misses you.
The jumping spider misses the sun moth.
The jumping spider barely misses the sun moth.
The jumping spider pounces on itself!!
The jumping spider bites itself.
The jumping spider is killed!
The moth of wrath goads the demonic crawler on!
The demonic crawler goes berserk!
The demonic crawler hits the sun moth.
The demonic crawler closely misses the sun moth. x2
The sun moth is struck by your spines. The sun moth bites you.
* * * LOW HITPOINT WARNING * * *
The jorogumo hits you but does no damage.
You feel better.
The demonic crawler rages.
The sun moth is struck by your spines. The sun moth bites you!
* * * LOW HITPOINT WARNING * * *
The spark wasp stings you!!
* * * LOW HITPOINT WARNING * * *
The spark wasp shocks you!
You die...
Jiyva sends a jelly to digest your remains.

#~.#...~~^w.^ #
#^#)...^.~#≈#
#^^.^#^.#~≈≈# #
#~...^...~≈≈## #
##......†~≈≈≈## ###
#...^.#s~~≈≈≈######≈≈
#...w^^..~~≈≈≈≈≈≈≈≈≈≈
##..Hy†y^..~~≈≈~≈≈≈≈~~
#^^..@y.#...~~~~~~~~~~
###.s..^...##.......#^
##^......#.^......^^
#^#....#^..........
###^..~..#^.^......
#.#####^#~^^#..~^##.#..
#........###...........
#........^.............
#.....^................


You could see a jorogumo, a steelbarb worm, a spark wasp, a sun moth (berserk),
a demonic crawler (berserk, confused), a moth of wrath and an orb spider
(charged).

Vanquished Creatures
  Arachne (Spider:4)
  2 emperor scorpions (Spider:3)
  2 ghost moths (Spider:3)
  A broodmother (Spider:3)
  6 entropy weavers
  4 hydras
  2 ghost crabs (Spider:3)
  2 jorogumos (Spider:4)
  2 radroaches
  A two-headed ogre (D:6)
  3 boulder beetles
  2 death scarabs (Spider:4)
  9 demonic crawlers
  4 pharaoh ants
  3 sun moths
  4 steelbarb worms
  9 orb spiders
  13 wolf spiders
  2 moths of wrath
  6 meliai
  8 black mambas
  A guardian serpent (Lair:5)
  3 torpor snails
  15 cane toads
  7 komodo dragons
  9 rime drakes
  The ghost of javelincjr the Trooper, an amateur DsFi of Beogh (D:4)
  20 tarantellas
  3 merfolk (Lair:2)
  6 tyrant leeches (Spider:3)
  3 hornets
  14 blink frogs
  16 dream sheep
  Sigmund (D:3)
  11 culicivoras
  A shadow (D:8)
  35 jumping spiders
  20 wyverns
  A wraith (D:9)
  56 yaks
  9 basilisks
  47 redbacks
  A steam dragon (Lair:5)
  5 vampire mosquitoes (Spider:3)
  An acid dragon (D:9)
  31 water moccasins
  2 swamp drakes (Lair:5)
  2 ice beasts
  A sky beast (D:8)
  4 orc warriors
  An ogre (D:6)
  3 centaurs
  17 wolves
  2 phantoms (D:4)
  2 kobold brigands (D:9)
  10 bullfrogs
  Blork the orc (D:5)
  6 killer bees (D:9)
  A bombardier beetle (D:5)
  3 electric eels
  A centaur zombie (D:4)
  A bullfrog skeleton (D:4)
  A hound (D:5)
  2 centaur skeletons (D:4)
  2 gnoll boudas
  5 orc priests
  4 iguanas
  5 orc wizards
  6 hell rats (Lair:3)
  3 gnolls (D:8)
  9 adders
  3 shadow imps (D:5)
  5 ribbon worms
  A dart slug (D:5)
  41 orcs
  7 bats
  4 giant cockroaches
  14 goblins
  3 hobgoblins
  6 quokkas
  6 ball pythons
  5 frilled lizards
  14 kobolds
  A rat (D:1)
  A spectral weapon (Spider:1)
608 creatures vanquished.

Vanquished Creatures (collateral kills)
  A fire dragon (Lair:5)
  A catoblepas (Lair:2)
  A radroach (Spider:2)
  A swamp dragon (Lair:5)
  A pharaoh ant (Spider:3)
  3 orb spiders (Spider:4)
  2 wolf spiders
  A merfolk siren (Lair:2)
  A torpor snail (Spider:3)
  3 rime drakes (Lair:5)
  3 komodo dragons
  A blink frog (Lair:3)
  A redback (Spider:4)
  A basilisk (Lair:5)
  A wolf (Lair:3)
  An iguana (Lair:5)
23 creatures vanquished.

Vanquished Creatures (others)
  A komodo dragon (Lair:5)
  2 jumping spiders
  A wyvern (Lair:5)
  A yak (Lair:1)
  A redback (Lair:4)
  A water moccasin (Lair:5)
  A swamp drake (Lair:5)
  4 bullfrogs
  A scorpion (Lair:3)
  93 jellies
  2 sleepcaps (D:6)
  An iguana (D:6)
  2 orc wizards
  A hell rat (Lair:3)
  5 adders
  A white imp (D:7)
  4 orcs
  An endoplasm (Lair:4)
  A giant cockroach (D:2)
  2 goblins (D:4)
  2 hobgoblins (D:4)
  4 bats
  3 kobolds
  A rat (D:2)
  9 spectral weapons
145 creatures vanquished.

Grand Total: 776 creatures vanquished

Notes
Turn   | Place    | Note
-------+----------+-------------------------------------------
     0 | D:1      | javelincjr the Demonspawn Warper began the quest for the
                  | Orb.
     0 | D:1      | Reached XP level 1. HP: 16/16 MP: 3/3
   456 | D:1      | Reached skill level 1 in Throwing
   456 | D:1      | Reached skill level 1 in Armour
   633 | D:1      | Gained mutation: You have an unusually large brain. (Int
                  | +2) [demonic ancestry]
   633 | D:1      | Reached XP level 2. HP: 22/22 MP: 5/5
   672 | D:1      | Found a faded altar of an unknown god.
   765 | D:1      | Prayed at the altar of an unknown god.
   765 | D:1      | Became a worshipper of Jiyva Jimefam the Shapeless
   765 | D:1      | Reached * piety under Jiyva
  1202 | D:2      | Gained mutation: You have an extremely huge brain. (Int +4)
                  | [demonic ancestry]
  1202 | D:2      | Reached XP level 3. HP: 24/27 MP: 6/6
  1219 | D:2      | Learned a level 2 spell: Blink
  1222 | D:2      | Learned a level 2 spell: Lesser Beckoning
  1233 | D:2      | Reached ** piety under Jiyva
  1709 | D:2      | Identified the +4 shadow dragon scales "Sukofo" {Will++
                  | Stlth++++}
  1999 | D:3      | Reached XP level 4. HP: 34/34 MP: 7/7
  2017 | D:3      | Reached *** piety under Jiyva
  2388 | D:3      | Noticed Sigmund
  2394 | D:3      | Killed Sigmund
  2395 | D:3      | Gained mutation: You have a pair of small antennae on your
                  | head. [demonic ancestry]
  2395 | D:3      | Reached XP level 5. HP: 41/41 MP: 5/9
  2395 | D:3      | Gained mutation: You have an absolutely massive brain. (Int
                  | +6, Wiz) [demonic ancestry]
  2395 | D:3      | Reached XP level 6. HP: 47/47 MP: 5/10
  2402 | D:3      | Gained mutation: You have a somewhat thin skeletal
                  | structure. (Dex +2, Stealth+) [Jiyva's grace]
  2402 | D:3      | Gained mutation: You have a moderately thin skeletal
                  | structure. (Dex +4, Stealth++) [Jiyva's grace]
  2402 | D:3      | Gained mutation: You have an unnaturally thin skeletal
                  | structure. (Dex +6, Stealth+++) [Jiyva's grace]
  2402 | D:3      | Gained mutation: Your body has grown eyes which may confuse
                  | attackers. (Acc +3) [Jiyva's grace]
  2772 | D:3      | Found a hazy altar of Hepliaklqana.
  3048 | D:4      | Found a transporter.
  3050 | D:4      | Noticed javelincjr's ghost (amateur DsFi)
  3077 | D:4      | Reached **** piety under Jiyva
  3417 | D:4      | Found a transporter.
  3616 | D:4      | Gained mutation: You are partially covered in sharp spines.
                  | [demonic ancestry]
  3616 | D:4      | Reached XP level 7. HP: 54/54 MP: 11/11
  3662 | D:4      | Killed javelincjr's ghost
  3686 | D:5      | Entered Level 5 of the Dungeon
  3935 | D:5      | Found a staircase to the Ecumenical Temple.
  4069 | D:5      | Reached XP level 8. HP: 61/61 MP: 13/13
  4128 | D:5      | Noticed Blork the orc
  4134 | D:5      | Killed Blork the orc
  4372 | D:6      | Reached skill level 5 in Armour
  4457 | D:6      | Lost mutation: You have an unnaturally thin skeletal
                  | structure. (Dex +6, Stealth+++) [Jiyva's grace]
  4457 | D:6      | Lost mutation: Your body has grown eyes which may confuse
                  | attackers. (Acc +3) [Jiyva's grace]
  4457 | D:6      | Gained mutation: You have acidic saliva. [Jiyva's grace]
  4457 | D:6      | Gained mutation: You have a small jelly attached to you
                  | that senses nearby items. [Jiyva's grace]
  4457 | D:6      | Gained mutation: You have hidden genetic potential.
                  | [Jiyva's grace]
  4457 | D:6      | Gained mutation: You have great hidden genetic potential.
                  | [Jiyva's grace]
  4532 | D:6      | Found a radiant altar of Vehumet.
  4537 | D:6      | Found a burning altar of Makhleb.
  4540 | D:6      | Found an ornate altar of the Wu Jian Council.
  4639 | D:6      | Reached ***** piety under Jiyva
  4737 | D:6      | Noticed a two-headed ogre
  4747 | D:6      | Killed a two-headed ogre
  4748 | D:6      | Reached skill level 5 in Fighting
  4748 | D:6      | Reached skill level 5 in Translocations
  4748 | D:6      | Reached XP level 9. HP: 68/68 MP: 15/15
  5037 | D:6      | Found a sacrificial altar of Ru.
  5543 | D:7      | Gained mutation: Your muscles are strong. (Str +4, Int/Dex
                  | -1) [hidden potential]
  5674 | D:7      | Reached skill level 5 in Polearms
  5674 | D:7      | Reached skill level 5 in Spellcasting
  5718 | D:7      | Lost mutation: You have a moderately thin skeletal
                  | structure. (Dex +4, Stealth++) [Jiyva's grace]
  5718 | D:7      | Lost mutation: Your muscles are strong. (Str +4, Int/Dex
                  | -1) [Jiyva's grace]
  5718 | D:7      | Lost mutation: You have acidic saliva. [Jiyva's grace]
  5718 | D:7      | Lost mutation: You have great hidden genetic potential.
                  | [Jiyva's grace]
  5718 | D:7      | Gained mutation: You are covered in slimy tendrils that may
                  | disarm your opponents. [Jiyva's grace]
  5718 | D:7      | Gained mutation: Your mind is acute. (Int +4, Str/Dex -1)
                  | [Jiyva's grace]
  5718 | D:7      | Gained mutation: Your mind is very acute. (Int +8, Str/Dex
                  | -2) [Jiyva's grace]
  5718 | D:7      | Gained mutation: Your melee attacks may engulf your foes in
                  | ooze. [Jiyva's grace]
  5790 | D:7      | Found Umeuwemp's One-of-a-Kind Rings.
  6163 | D:8      | Found a stormy altar of Qazlal.
  6404 | D:8      | Reached ****** piety under Jiyva
  7290 | D:9      | Reached XP level 10. HP: 61/77 MP: 18/18
  7394 | D:9      | Found Reutumy's Book Shoppe.
  7503 | D:9      | Found Gaopib's Weapon Shop.
  7504 | D:9      | Found a staircase to the Orcish Mines.
  7506 | D:9      | Found Qiri's Armour Shop.
  7506 | D:9      | Lost mutation: You are covered in slimy tendrils that may
                  | disarm your opponents. [Jiyva's grace]
  7506 | D:9      | Lost mutation: Your melee attacks may engulf your foes in
                  | ooze. [Jiyva's grace]
  7506 | D:9      | Gained mutation: Your translucent skin slightly reduces
                  | your foes' accuracy. (Stealth+) [Jiyva's grace]
  7506 | D:9      | Gained mutation: Your translucent skin reduces your foes'
                  | accuracy. (Stealth+) [Jiyva's grace]
  7506 | D:9      | Gained mutation: Your transparent skin significantly
                  | reduces your foes' accuracy. (Stealth+) [Jiyva's grace]
  7506 | D:9      | Gained mutation: You are agile. (Dex +4, Str/Int -1)
                  | [Jiyva's grace]
  7603 | D:9      | Gained mutation: You have large cloven feet. [hidden
                  | potential]
  7603 | D:9      | Lost mutation: You have hidden genetic potential. [hidden
                  | potential expressed]
  7754 | D:9      | Found an opulent altar of Gozag.
  7757 | D:9      | Found Gozag's Platinum Reserve.
  7950 | D:9      | Found a staircase to the Lair.
  8150 | Lair:1   | Entered Level 1 of the Lair of Beasts
  8411 | Lair:1   | Noticed a black mamba
  8411 | Lair:1   | Noticed a black mamba
  8416 | Lair:1   | Killed a black mamba
  8426 | Lair:1   | Killed a black mamba
  8469 | Lair:1   | Noticed a black mamba
  8471 | Lair:1   | Noticed a cane toad
  8480 | Lair:1   | Killed a black mamba
  8519 | Lair:1   | Killed a cane toad
  8626 | Lair:1   | Gained mutation: You may rarely emit foul miasma when
                  | damaged in melee. [demonic ancestry]
  8626 | Lair:1   | Reached XP level 11. HP: 84/84 MP: 20/20
  8889 | Lair:2   | Noticed a catoblepas
  8905 | Lair:2   | Killed a catoblepas
  9259 | Lair:2   | Reached skill level 10 in Armour
  9317 | Lair:3   | Noticed a five-headed hydra
  9317 | Lair:3   | Noticed a five-headed hydra
  9324 | Lair:3   | Killed a five-headed hydra
  9325 | Lair:3   | Noticed a five-headed hydra
  9335 | Lair:3   | Killed a five-headed hydra
  9345 | Lair:3   | Killed a five-headed hydra
  9357 | Lair:3   | Reached XP level 12. HP: 35/94 MP: 23/23
  9672 | Lair:3   | Lost mutation: You are agile. (Dex +4, Str/Int -1) [Jiyva's
                  | grace]
  9672 | Lair:3   | Lost mutation: Your transparent skin significantly reduces
                  | your foes' accuracy. (Stealth+) [Jiyva's grace]
  9672 | Lair:3   | Lost mutation: Your translucent skin reduces your foes'
                  | accuracy. (Stealth+) [Jiyva's grace]
  9672 | Lair:3   | Gained mutation: You are agile. (Dex +4, Str/Int -1)
                  | [Jiyva's grace]
  9672 | Lair:3   | Gained mutation: You are very agile. (Dex +8, Str/Int -2)
                  | [Jiyva's grace]
  9672 | Lair:3   | Gained mutation: You possess an exceptional clarity of
                  | mind. [Jiyva's grace]
  9672 | Lair:3   | Gained mutation: Your spells are a little harder to cast,
                  | but a little more powerful. [Jiyva's grace]
  9696 | Lair:3   | You fall into a shaft and drop 2 floors!
  9696 | Lair:5   | Entered Level 5 of the Lair of Beasts
  9770 | Lair:5   | Got an earthy gem with 1989 turns to spare
  9783 | Lair:5   | Noticed a fire dragon
  9813 | Lair:5   | Killed a fire dragon
 10204 | Lair:4   | Learned a level 3 spell: Teleport Other
 10209 | Lair:4   | Learned a level 4 spell: Manifold Assault
 10226 | Lair:4   | Reached skill level 1 in Shields
 10269 | Lair:4   | Reached skill level 1 in Evocations
 10269 | Lair:4   | Gained mutation: You have a pair of antennae on your head.
                  | [demonic ancestry]
 10269 | Lair:4   | Reached XP level 13. HP: 58/102 MP: 25/25
 10273 | Lair:4   | Reached skill level 1 in Axes
 10626 | Lair:4   | Reached skill level 10 in Fighting
 10654 | Lair:4   | Found a staircase to the Slime Pits.
 10678 | Slime:1  | Entered Level 1 of the Pits of Slime
 10678 | Slime:1  | Noticed a rockslime
 10680 | Slime:1  | Noticed a quicksilver ooze
 10699 | Slime:3  | Noticed a rockslime
 10699 | Slime:3  | Noticed an acid blob
 10700 | Slime:3  | Noticed a rockslime
 10704 | Slime:3  | Noticed a rockslime
 10746 | Slime:4  | Noticed a rockslime
 10748 | Slime:4  | Noticed an acid blob
 10749 | Slime:4  | Noticed an azure jelly
 10751 | Slime:5  | Entered Level 5 of the Pits of Slime
 10819 | Slime:5  | Noticed an acid blob
 10832 | Slime:5  | Noticed an acid blob
 10834 | Slime:5  | Noticed an acid blob
 10835 | Slime:5  | Found a viscous altar of Jiyva.
 10836 | Slime:5  | Noticed a quicksilver ooze
 10839 | Slime:5  | Noticed an acid blob
 10840 | Slime:5  | Noticed an acid blob
 10842 | Slime:5  | Got a starry gem with 438 turns to spare
 10844 | Slime:5  | Identified the +8 quick blade of Ytoalec {elec, *Rage rF+
                  | Str+2 Stlth+}
 10847 | Slime:5  | Got a slimy rune of Zot
 10851 | Slime:5  | Identified the +8 whip "Zeciuhoh" {spect, *Rage rN+ Int+3}
 10866 | Slime:5  | Identified the ring "Viusmy Kuwn" {Fly rF+ rC+ Slay+4}
 10876 | Slime:5  | Identified the +2 short sword "Wacuejyu" {freeze, rN+ rCorr
                  | Int+4}
 10906 | Slime:5  | Noticed the Royal Jelly
 10910 | Slime:5  | Noticed a rockslime
 10917 | Slime:5  | Identified the +6 ring mail of the World {+Inv rC++ rN+
                  | Str+3}
 10933 | Slime:5  | Noticed an acid blob
 10936 | Slime:5  | Noticed an acid blob
 11022 | Slime:5  | Noticed a quicksilver ooze
 11109 | Slime:4  | Noticed an azure jelly
 11525 | Lair:4   | Reached skill level 1 in Maces & Flails
 12886 | Lair:3   | Gained mutation: You have a small jelly attached to you
                  | that may absorb projectiles. [Jiyva's grace]
 12886 | Lair:3   | Gained mutation: Your body has grown eyes which may confuse
                  | attackers. (Acc +3) [Jiyva's grace]
 12886 | Lair:3   | Gained mutation: Your body has grown many eyes which may
                  | confuse attackers. (Acc +5) [Jiyva's grace]
 12886 | Lair:3   | Gained mutation: Your body is covered in eyes which may
                  | confuse attackers. (Acc +7, SInv) [Jiyva's grace]
 13187 | Lair:3   | Got the Verses on the Jinx and Blows
 13546 | Lair:2   | Paralysed by a hornet for 3 turns
 13556 | Lair:2   | Reached XP level 14. HP: 97/111 MP: 17/27
 13613 | Lair:2   | Found a staircase to the Shoals.
 13838 | Lair:2   | Found a hole to the Spider Nest.
 13985 | Spider:1 | Entered Level 1 of the Spider Nest
 15220 | Spider:2 | Reached skill level 10 in Translocations
 15392 | Spider:2 | Reached skill level 5 in Maces & Flails
 16152 | Spider:2 | Reached skill level 5 in Dodging
 16428 | Spider:3 | Noticed a ghost moth
 16435 | Spider:3 | Killed a ghost moth
 16512 | Spider:3 | Noticed an emperor scorpion
 16565 | Spider:3 | Killed an emperor scorpion
 16705 | Spider:3 | Reached XP level 15. HP: 93/120 MP: 28/28
 16706 | Spider:3 | Reached skill level 5 in Evocations
 16772 | Spider:2 | Upgraded the game from 0.32-a0-560-g4c7f4391e0 to
                  | 0.32-a0-571-gec57dfcd37
 17014 | Spider:3 | Noticed an emperor scorpion
 17050 | Spider:3 | Killed an emperor scorpion
 17188 | Spider:3 | Lost mutation: You are very agile. (Dex +8, Str/Int -2)
                  | [Jiyva's grace]
 17188 | Spider:3 | Lost mutation: Your mind is very acute. (Int +8, Str/Dex
                  | -2) [Jiyva's grace]
 17188 | Spider:3 | Gained mutation: You have hidden genetic potential.
                  | [Jiyva's grace]
 17188 | Spider:3 | Gained mutation: You have great hidden genetic potential.
                  | [Jiyva's grace]
 17188 | Spider:3 | Gained mutation: You expend magic power (3 MP) to
                  | strengthen your wands. [Jiyva's grace]
 17188 | Spider:3 | Gained mutation: Your translucent skin reduces your foes'
                  | accuracy. (Stealth+) [Jiyva's grace]
 17429 | Spider:3 | Learned a level 6 spell: Dispersal
 17587 | Spider:3 | Reached skill level 1 in Short Blades
 17633 | Spider:3 | HP: 5/117 [pharaoh ant (31)]
 17788 | Spider:4 | Entered Level 4 of the Spider Nest
 17797 | Spider:3 | Reached skill level 5 in Shields
 17888 | Spider:4 | Noticed Arachne
 18042 | Spider:4 | Identified the +10 short sword of the Fool {speed, rC+ rN+
                  | Will+ rCorr}
 18052 | Spider:4 | Reached skill level 10 in Spellcasting
 18399 | Spider:4 | Noticed an emperor scorpion
 18538 | Spider:4 | Killed Arachne
 18679 | Spider:4 | HP: 5/122 [spark wasp (18)]
 18679 | Spider:4 | Mangled by a spark wasp

Illustrated notes

Levels and vault maps discovered:
D:1:      roderic_octagonal_star, layout_basic,
          hellmonk_ecumenical_altar_arch_garden
D:2:      layout_loops_corners, minmay_close_crescents
D:3:      layout_basic, general_overflow_altar, uniq_sigmund
D:4:      cheibrodos_greedy_goblins, layout_basic, gammafunk_ghost_mausoleum,
          roderic_batcave
D:5:      layout_loops_ring, temple_hall, grunt_ministairs_11,
          uniq_blork_the_orc
D:6:      nicolae_cairo_tiling_large, layout_basic,
          mainiacjoe_overflow_alcove_4, grunt_temple_overflow_open,
          chequers_serial_rivers_small_b, roderic_serpentine_path
D:7:      layout_basic, chequers_serial_rivers_micro_a,
          nicolae_shop_unique_rings, dreamdust_gnoll_shepherd
D:8:      layout_layer_cave, nicolae_qazlal_beasts_of_the_sky, kennysheep_path_1
D:9:      layout_roguey, nicolae_gozag_zags_fifth_avenue, erik_lair_dragon,
          orc_david_3, serial_shops, shop
Lair:1:   layout_roguey
Lair:2:   layout_gridlike, elwin_shoals_entry_stream,
          nicolae_spider_entry_tight_spaces, pdpol_lair_cavern_descent
Lair:3:   nzn_winding_woodlands_stair_trap
          [nzn_winding_woodlands_5x15_concentric,
          nzn_winding_woodlands_5x15_pockets,
          nzn_winding_woodlands_5x15_default,
          nzn_winding_woodlands_15x15_killbox,
          nzn_winding_woodlands_5x15_garden, nzn_winding_woodlands_5x15_eye,
          nzn_winding_woodlands_5x15_split_checker], layout_regular_city
Lair:4:   layout_gridlike, minmay_slime_entry_jelly_boxes
Lair:5:   guppyfry_lair_end_dragon, layout_gridlike,
          hangedman_lair_tendril_chambers, minmay_lair_drake_nest,
          grunt_megastairs_4
Spider:1: layout_spider_delve
Spider:2: layout_cave_pods
Spider:3: layout_spider_delve, nicolae_spider_swamp_cousins
Spider:4: grunt_spider_rune_island, uniq_arachne
Slime:1:  layout_caves
Slime:2:  layout_caves, nicolae_slime_crime_time
Slime:3:  layout_caves, nicolae_slime_rock_hall_of_fame
Slime:4:  layout_caves
Slime:5:  slime_pit

Skill      XL: |  1  2  3  4  5  6  7  8  9 10 11 12 13 14 15 |
---------------+----------------------------------------------+-----
Throwing       | 1 |  1.0
Armour         | 1 2 3 4 6 7 9 10 11 12 | 12.9
Polearms       | 2 3 4 5 6 7 8 |  8.5
Dodging        | 2 4 5 6 |  6.0
Translocations | 3 4 5 6 7 8 9 10 11 | 11.4
Fighting       | 3 4 5 6 7 8 9 10 11 12 | 12.8
Spellcasting   | 3 4 5 6 7 8 9 10 | 10.1
Shields        | 1 3 4 5 |  5.6
Evocations     | 1 3 4 6 |  6.0
Axes           | 1 |  1.7
Maces & Flails | 3 5 6 |  6.1
Short Blades   | 3 |  3.7

Action                     |  1- 3 |  4- 6 |  7- 9 | 10-12 | 13-15 || total
---------------------------+-------+-------+-------+-------+-------++-------
  Melee: Spear             |   141 |    94 |       |       |       ||   235
         Trident           |       |    81 |   242 |   571 |    99 ||   993
         Bite              |       |       |     4 |       |       ||     4
         Kick              |       |       |       |   224 |   541 ||   765
         Whip              |       |       |       |       |   888 ||   888
         Quick blade       |       |       |       |       |   541 ||   541
  Throw: Dart              |       |     2 |     4 |     4 |     5 ||    15
   Cast: Blink             |       |       |       |     3 |     8 ||    11
         Manifold Assault  |       |       |       |       |   218 ||   218
         Teleport Other    |       |       |       |       |     2 ||     2
         Dispersal         |       |       |       |       |    10 ||    10
         Lesser Beckoning  |       |       |       |       |     8 ||     8
 Invoke: Oozemancy         |       |     2 |       |     2 |     9 ||    13
         Slimify           |       |       |       |       |     1 ||     1
  Evoke: Wand              |       |       |       |     3 |     1 ||     4
         Box of beasts     |       |       |       |       |     1 ||     1
    Use: Scroll            |       |     1 |     5 |     2 |     6 ||    14
         Potion            |       |       |       |     3 |     6 ||     9
   Stab: Sleeping          |     2 |     8 |    18 |    12 |     4 ||    44
         Confused          |       |     3 |     6 |       |    53 ||    62
         Distracted        |       |       |     2 |     3 |    12 ||    17
         Held in net/web   |       |       |       |       |     2 ||     2
 Armour: Leather armour    |    67 |       |       |       |       ||    67
         Shadow dragon sca |     5 |   131 |   155 |   602 |   341 ||  1234
         Ring mail         |       |       |       |       |   726 ||   726
  Dodge: Dodged            |    49 |    26 |    54 |   246 |   815 ||  1190
  Block: Buckler           |    16 |    12 |       |       |       ||    28

Table legend: (Time is in decaauts)
 A = Elapsed time spent in this place.
 B = Non-inter-level travel time spent in this place.
 C = Inter-level travel time spent in this place.
 D = Time resting spent in this place.
 E = Time spent auto-exploring this place.
 F = Levels seen in this place.
 G = Mean time per level.
                   A        B        C        D        E       F      G
               +--------+--------+--------+--------+--------+-----+--------+
         Total |  19110 |  18357 |    753 |    722 |  12022 |  23 |  830.9 |
       Dungeon |   8510 |   8229 |    281 |      0 |   6452 |   9 |  945.6 |
          Lair |   5461 |   5203 |    258 |    105 |   3187 |   5 | 1092.2 |
   Spider Nest |   4646 |   4549 |     97 |    617 |   2054 |   4 | 1161.5 |
    Slime Pits |    492 |    376 |    116 |      0 |    328 |   5 |   98.4 |
               +--------+--------+--------+--------+--------+-----+--------+

Top non-repeatable levels by time:
Spider:2: 1649 daAuts
  Lair:5: 1413 daAuts
Spider:3: 1267 daAuts
     D:8: 1212 daAuts
  Lair:3: 1164 daAuts
  Lair:4: 1118 daAuts
Spider:1: 1076 daAuts
  Lair:2: 1065 daAuts
     D:1: 1055 daAuts
     D:9: 1000 daAuts
     D:2: 945 daAuts
     D:3: 938 daAuts
     D:6: 922 daAuts
     D:7: 864 daAuts
     D:4: 855 daAuts
